 Dungeon Sprint DCSS version 0.24-a0-447-ge8da9206dc (webtiles) character file.

Game seed: 16013454780187125344

14641 gruber the Brawler (level 11, -3/123 HPs)
             Began as a Troll Fighter on June 25, 2019.
             Was the Champion of Okawaru.
             Slain by a stone giant (35 damage)
             ... in the Dungeon (Sprint IX: "|||||||||||||||||||||||||||||").
             The game lasted 00:09:13 (1518 turns).

gruber the Brawler (Troll Fighter)                  Turns: 1518, Time: 00:09:13

Health: -3/123     AC: 14    Str: 26    XL:     11   Next: 91%
Magic:  0/15       EV: 17    Int:  4    God:    Okawaru [******]
Gold:   1900       SH: 13    Dex: 12    Spells: 10/10 levels left

rFire    . . .     SeeInvis .     - Unarmed
rCold    . . .     Gourm    +   b - +0 shield
rNeg     . . .     Faith    .   r - +0 troll leather armour
rPois    .         Spirit   .   (helmet restricted)
rElec    .         Reflect  .   x - +0 cloak
rCorr    .         Harm     .   (gloves unavailable)
MR       +....     NoTele   +   (boots unavailable)
Stlth    +++.......             (no amulet)
HPRegen  1.10/turn              u - ring of protection from magic
MPRegen  0.14/turn              p - +2 ring of protection

@: heroism
A: large, unfitting armour, claws 3, fast metabolism 3, gourmand, regeneration
1, shaggy fur 1, tough skin 3
a: Heroism, Finesse, Renounce Religion


You were in the Dungeon.
You worshipped Okawaru.
Okawaru was exalted by your worship.
You were not hungry.

You visited 1 branch You collected 1900 gold pieces.

Inventory:

Armour
 a - a +0 robe
 b - a +0 shield (worn)
 r - a +0 troll leather armour (worn)
 x - a +0 cloak (worn)
 y - a +2 robe of magic resistance
 C - a +1 large shield
Jewellery
 o - a +3 ring of strength
 p - a +2 ring of protection (right claw)
 u - a ring of protection from magic (left claw)
 z - an uncursed ring of ice
 A - an uncursed ring of fire
 B - an uncursed ring of see invisible
Wands
 n - a wand of iceblast (10)
Scrolls
 j - 7 scrolls of blinking
 l - 4 scrolls of remove curse
 m - 2 scrolls of amnesia
 t - 3 scrolls of enchant armour
 v - 3 scrolls of identify
 w - 2 scrolls of fog
Potions
 c - a potion of might
 e - 8 potions of curing
 f - 3 potions of heal wounds
 g - a potion of haste
 h - 4 potions of magic
 i - a potion of berserk rage
 k - a potion of invisibility
 q - a potion of flight
 s - 5 potions of agility
Comestibles
 d - 12 rations


   Skills:
 + Level 11.7(16.7) Fighting
 - Level 11.9(16.9) Armour
 - Level 10.0(15.0) Dodging
 - Level 9.1(14.1) Shields
 - Level 15.6(20.6) Unarmed Combat
 - Level 7.3 Invocations


You had 10 spell levels left.
You didn't know any spells.
Your spell library was empty.

Dungeon Overview and Level Annotations

Branches:
Dungeon (1/1)

Altars:
Cheibriados
Dithmenos
Elyvilon
Fedhas
Gozag
Hepliaklqana
Kikubaaqudgha
Makhleb
Nemelex Xobeh
Okawaru
Qazlal
Ru
Sif Muna
Trog
Uskayaw
Vehumet
Wu Jian
Xom
Yredelemnul
Zin
The Shining One
Beogh
Jiyva
Lugonu

Shops:
D }?!:


Innate Abilities, Weirdness & Mutations

You are too large for most types of armour.
You have claws for hands.
Your metabolism is lightning-fast.
You like to eat raw meat.
Your natural rate of healing is unusually fast.
You are covered in fur. (AC +1)
You have extremely tough skin. (AC +3)


Message History

The stone giant hits you!
* * * LOW HITPOINT WARNING * * *
You scratch the stone giant but do no damage.
The stone giant completely misses you.
You claw the stone giant!
The stone giant is lightly wounded.
You block the stone giant's attack.
You claw the stone giant!
The stone giant is moderately wounded.
You claw the stone giant!
The stone giant is heavily wounded.
You block the stone giant's attack. The eye of draining gazes at you.
You feel your power leaking away.
You scratch the stone giant but do no damage.
The stone giant is heavily wounded.
You claw the stone giant!
The stone giant is heavily wounded.
The stone giant hits you!!
You die...

▓.▓.▓)▓.▓.▓.▓_▓
▓.▓.▓.▓.▓.▓.▓_▓
▓(▓.▓.▓.▓.▓.▓_▓
▓.▓.▓[▓.▓.▓.▓_▓
▓.▓.▓)▓.▓.▓.▓_▓
▓.▓.▓)▓)▓†▓.▓'▓
▓'▓.▓)▓.▓.▓.▓.▓
▓(▓.▓)▓(▓.▓.▓.▓
▓@▓.▓.▓.▓.▓.▓|▓
▓C▓.▓)▓(▓.▓.▓)▓
▓G▓.▓∩▓.▓.▓.▓[▓
▓.▓.▓.▓(▓.▓.▓[▓
▓.▓.▓∩▓(▓.▓.▓[▓
▓.▓.▓.▓.▓.▓.▓.▓
▓.▓.▓∩▓.▓)▓.▓.▓
▓.▓.▓)▓.▓)▓.▓÷▓
▓.▓∩▓.▓.▓.▓.▓


You could see a stone giant and an eye of draining.

Vanquished Creatures
  Josephine (D)
  2 hydras (D)
  A death knight (D)
  An orc high priest (D)
  An unseen horror (D)
  An orc knight (D)
  6 orc sorcerers (D)
  A deep elf mage (D)
  An ugly thing (D)
  A black mamba (D)
  An elephant (D)
  Joseph (D)
  Psyche (D)
  2 spiny frogs (D)
  A komodo dragon (D)
  2 trolls (D)
  A blink frog (D)
  2 hippogriffs (D)
  A shadow (D)
  Eustachio (D)
  3 wraiths (D)
  A hungry ghost (D)
  4 wargs (D)
  A water moccasin (D)
  2 hell hounds (D)
  3 porcupines (D)
  A sky beast (D)
  9 orc warriors (D)
  An ice beast (D)
  2 wolves (D)
  A centaur (D)
  An ogre (D)
  A crocodile (D)
  4 bullfrogs (D)
  A scorpion (D)
  A wight (D)
  A crimson imp (D)
  A howler monkey (D)
  2 jellies (D)
  2 hounds (D)
  5 orc priests (D)
  9 orc wizards (D)
  An adder (D)
  2 dart slugs (D)
  9 orcs (D)
  2 bats (D)
  A leopard gecko zombie (D)
  A rat (D)
101 creatures vanquished.

Notes
Turn   | Place    | Note
-------+----------+-------------------------------------------
     0 | D        | gruber the Troll Fighter began the quest for the Orb.
     0 | D        | Reached XP level 1. HP: 22/22 MP: 0/0
   139 | D        | Noticed a scorpion
   139 | D        | Noticed an ogre
   139 | D        | Noticed a centaur
   145 | D        | Killed a scorpion
   145 | D        | Reached skill level 3 in Unarmed Combat
   145 | D        | Reached XP level 2. HP: 32/32 MP: 1/1
   145 | D        | Reached XP level 3. HP: 39/39 MP: 2/2
   152 | D        | Reached skill level 4 in Unarmed Combat
   155 | D        | Killed an ogre
   155 | D        | Reached skill level 5 in Shields
   155 | D        | Reached skill level 5 in Unarmed Combat
   155 | D        | Reached XP level 4. HP: 40/49 MP: 3/3
   155 | D        | Reached XP level 5. HP: 45/55 MP: 4/4
   165 | D        | Killed a centaur
   165 | D        | Reached skill level 6 in Unarmed Combat
   222 | D        | Found a roughly hewn altar of Beogh.
   222 | D        | Found a snail-covered altar of Cheibriados.
   222 | D        | Found a shadowy altar of Dithmenos.
   222 | D        | Found a white marble altar of Elyvilon.
   222 | D        | Found a blossoming altar of Fedhas.
   222 | D        | Found an opulent altar of Gozag.
   223 | D        | Found a hazy altar of Hepliaklqana.
   224 | D        | Found a viscous altar of Jiyva.
   225 | D        | Found an ancient bone altar of Kikubaaqudgha.
   226 | D        | Found a corrupted altar of Lugonu.
   227 | D        | Found a burning altar of Makhleb.
   228 | D        | Found a sparkling altar of Nemelex Xobeh.
   229 | D        | Found an iron altar of Okawaru.
   230 | D        | Found a stormy altar of Qazlal.
   231 | D        | Found a sacrificial altar of Ru.
   232 | D        | Found a deep blue altar of Sif Muna.
   233 | D        | Found a bloodstained altar of Trog.
   234 | D        | Found a hide-covered altar of Uskayaw.
   235 | D        | Found a radiant altar of Vehumet.
   236 | D        | Found an ornate altar of the Wu Jian Council.
   237 | D        | Became a worshipper of Warmaster Okawaru
   238 | D        | Found a shimmering altar of Xom.
   239 | D        | Found a basalt altar of Yredelemnul.
   240 | D        | Found a glowing silver altar of Zin.
   241 | D        | Found a glowing golden altar of the Shining One.
   273 | D        | Noticed an ice beast
   277 | D        | Reached skill level 5 in Fighting
   277 | D        | Reached skill level 5 in Dodging
   277 | D        | Reached XP level 6. HP: 66/66 MP: 5/5
   282 | D        | Reached skill level 7 in Unarmed Combat
   291 | D        | Killed an ice beast
   291 | D        | Reached * piety under Okawaru
   297 | D        | Reached skill level 8 in Unarmed Combat
   313 | D        | Killed an unseen horror
   313 | D        | Reached skill level 10 in Unarmed Combat
   313 | D        | Reached XP level 7. HP: 19/74 MP: 6/6
   324 | D        | Reached ** piety under Okawaru
   413 | D        | Noticed a deep elf mage
   413 | D        | Noticed a troll
   413 | D        | Noticed a purple ugly thing
   420 | D        | Killed a deep elf mage
   420 | D        | Reached XP level 8. HP: 83/83 MP: 4/8
   425 | D        | Reached skill level 11 in Unarmed Combat
   427 | D        | Killed a troll
   437 | D        | Killed a purple ugly thing
   437 | D        | Reached *** piety under Okawaru
   437 | D        | Reached XP level 9. HP: 79/92 MP: 5/11
   589 | D        | Noticed a spiny frog
   589 | D        | Noticed a spiny frog
   589 | D        | Noticed a five-headed hydra
   592 | D        | Reached skill level 12 in Unarmed Combat
   592 | D        | Noticed an elephant
   597 | D        | Reached skill level 5 in Invocations
   603 | D        | Killed an eight-headed hydra
   603 | D        | Reached **** piety under Okawaru
   603 | D        | Reached skill level 13 in Unarmed Combat
   609 | D        | Killed a spiny frog
   612 | D        | Killed a spiny frog
   617 | D        | Killed an elephant
   617 | D        | Reached ***** piety under Okawaru
   617 | D        | Reached skill level 10 in Dodging
   617 | D        | Reached skill level 14 in Unarmed Combat
   617 | D        | Reached XP level 10. HP: 73/102 MP: 11/13
   620 | D        | Reached skill level 1 in Armour
   635 | D        | Noticed a seven-headed hydra
   640 | D        | Noticed a black mamba
   647 | D        | Killed a 12-headed hydra
   647 | D        | Received a gift from Okawaru
   651 | D        | Reached skill level 15 in Unarmed Combat
   656 | D        | Killed a black mamba
   724 | D        | Reached skill level 5 in Armour
   746 | D        | Found the +8 frozen axe "Frostbite" {freezing cloud, *Noise
                  | +Fly rC+}
   787 | D        | Noticed Eustachio
   795 | D        | Killed Eustachio
   803 | D        | Noticed Joseph
   812 | D        | Killed Joseph
   852 | D        | Noticed Psyche
   858 | D        | Killed Psyche
   991 | D        | Reached XP level 11. HP: 107/113 MP: 13/15
  1053 | D        | Noticed an orc knight
  1053 | D        | Noticed an orc high priest
  1060 | D        | Killed an orc knight
  1063 | D        | Noticed an orc sorcerer
  1074 | D        | Noticed a sixfirhy
  1080 | D        | Noticed a sun demon
  1080 | D        | Killed an orc high priest
  1086 | D        | Killed an orc sorcerer
  1138 | D        | Found Mowkel's Gadget Emporium.
  1138 | D        | Noticed an orc sorcerer
  1138 | D        | Noticed an orc sorcerer
  1138 | D        | Noticed an orc sorcerer
  1143 | D        | Killed an orc sorcerer
  1143 | D        | Received a gift from Okawaru
  1143 | D        | Reached skill level 10 in Armour
  1146 | D        | Killed an orc sorcerer
  1147 | D        | Found Kuodafy's Magic Scroll Shoppe.
  1149 | D        | Killed an orc sorcerer
  1155 | D        | Found Okkeun's Distillery.
  1159 | D        | Found Binurumi's Book Shoppe.
  1161 | D        | Noticed an orc sorcerer
  1162 | D        | Noticed an orc sorcerer
  1163 | D        | Noticed a soul eater
  1165 | D        | Noticed a soul eater
  1178 | D        | Killed an orc sorcerer
  1178 | D        | Reached ****** piety under Okawaru
  1178 | D        | Reached skill level 10 in Fighting
  1186 | D        | Killed an orc sorcerer
  1320 | D        | Noticed Josephine
  1327 | D        | Killed Josephine
  1478 | D        | Noticed a death knight
  1499 | D        | Noticed a stone giant
  1505 | D        | Killed a death knight
  1518 | D        | Slain by a stone giant

Levels and vault maps discovered:
D:        linesprint [early_d, line_temple, items_1, d_10, items_2, lair_1,
          lair_end, items_3, orc_1, orc_end, items_4, d_15, swamp_1, shoals_1,
          snake_1, spider_1, d_20, vaults_1, items_5, swamp_end, shoals_end,
          snake_end, spider_end, vaults_end, d_27, items_6, zot_1, zot_end,
          crypt_end, forest_end, elf_end, slime_end, tomb_end, abyss_end,
          pan_hell_end]

Skill      XL: |  1  2  3  4  5  6  7  8  9 10 11 |
---------------+----------------------------------+-----
Shields        | 4 5 7 9 |  9.1
Fighting       | 3 4 5 6 7 8 11 | 11.7
Dodging        | 3 4 5 6 7 8 10 | 10.0
Unarmed Combat | 3 5 6 10 11 14 15 | 15.6
Invocations    | 2 4 6 7 |  7.3
Armour         | 7 11 | 11.9

Action                   |  1- 3 |  4- 6 |  7- 9 | 10-12 || total
-------------------------+-------+-------+-------+-------++-------
Melee: Unarmed           |    26 |    48 |    52 |   221 ||   347
Invok: Heroism           |       |       |     2 |     7 ||     9
 Stab: Invisible         |       |       |       |     1 ||     1
       Sleeping          |       |       |       |     1 ||     1
  Eat: Chunk             |     5 |       |     5 |     5 ||    15
Armor: Robe              |    12 |    15 |     1 |       ||    28
       Troll leather arm |       |       |     3 |    21 ||    24
Dodge: Dodged            |     2 |     6 |    16 |    47 ||    71
Block: Shield            |    11 |    21 |    17 |    78 ||   127

Table legend:
 A = Non-vault XP
 B = Vault XP
 C = Vault XP percentage of total XP
 D = Non-vault monster count
 E = Vault monster count
 F = Vault count percentage of total count
                 A         B        C        D         E       F
            +---------+---------+-------+---------+---------+-------
      Total |       0 |   20917 | 100.0 |       0 |     101 | 100.0
            +---------+---------+-------+---------+---------+-------
          D |       0 |   20917 | 100.0 |       0 |     101 | 100.0
            +---------+---------+-------+---------+---------+-------
